 Dungeon Crawl Stone Soup version 0.29.1-15-g9cfb28693d (webtiles) character file.

Game seed: 3427743664203155937

105 Ihaveafatcat the Covered (level 4, -29/41 HPs)
             Began as a Minotaur Fighter on Apr 3, 2023.
             Was an Initiate of the Shining One.
             Blown up by an eye of devastation (43 damage)
             ... with a bolt of energy
             ... created by the all-consuming vengeance of Jiyva
             ... on level 3 of the Dungeon.
             The game lasted 00:05:19 (2106 turns).

Ihaveafatcat the Covered (Minotaur Fighter)         Turns: 2106, Time: 00:05:21

Health: -29/41     AC: 12    Str: 23    XL:     4   Next: 54%
Magic:  2/2        EV:  6    Int:  5    God:    the Shining One [......]
Gold:   70         SH:  4    Dex:  9    Spells: 3/3 levels left

rFire   . . .      SeeInvis .   a - +0 war axe
rCold   . . .      Faith    .   c - +0 buckler
rNeg    . . .      Spirit   .   h - +0 plate armour
rPois   .          Reflect  .   (helmet restricted)
rElec   .          Harm     .   (no cloak)
rCorr   .          Rampage  .   (no gloves)
Will    .....                   (no boots)
Stlth   ..........              (no amulet)
HPRegen 0.13/turn               (no ring)
MPRegen 0.08/turn               (no ring)

@: slowed, glowing, very slow
A: horns 2, retaliatory headbutt, low MP 1
a: Renounce Religion


You were on level 3 of the Dungeon.
You worshipped the Shining One.
The Shining One was noncommittal.
You visited 1 branch of the dungeon, and saw 3 of its levels.

You collected 70 gold pieces.

Inventory:

Hand Weapons
 a - a +0 war axe (weapon)
Armour
 b - a +0 scale mail
 c - a +0 buckler (worn)
 h - a +0 plate armour (worn)
Scrolls
 f - a scroll of vulnerability {unknown}
Potions
 d - a potion of mutation {unknown}
 e - a potion of lignification {unknown}
 g - 2 potions of invisibility {unknown}
 i - a potion of haste {unknown}


   Skills:
 + Level 4.4 Fighting
 + Level 3.6 Axes
 + Level 4.5 Armour
 + Level 4.5 Shields


You had 3 spell levels left.
You didn't know any spells.
Your spell library was empty.

Dungeon Overview and Level Annotations

Branches:
Dungeon (3/15)

Altars:
The Shining One
Jiyva


Innate Abilities, Weirdness & Mutations

You have a pair of horns on your head.
You reflexively headbutt those who attack you in melee.
Your magical capacity is low. (-10% MP)


Message History

The jelly hits you.
You are splashed with acid!
You slash the jelly!
You kill the jelly!
That felt strangely unrewarding.
You closely miss the adder.
The adder bites you but does no damage. x2
You block the adder's attack. x2
There are monsters nearby!
You closely miss the adder. Your headbutt misses the adder.
The adder bites you but does no damage.
There are monsters nearby!
You slash the adder!
You kill the adder!
There are monsters nearby!
There are monsters nearby!
You slash the worm!
The worm is severely wounded.
You barely miss the rat. The rat bites you but does no damage.
The worm bites you.
* * * LOW HITPOINT WARNING * * *
You slash the worm!
You kill the worm!
You slash the rat!
You kill the rat!
You start resting.
Some slimes ooze up out of the ground!
The divine experience drains your vigour!
You feel yourself slow down.
An eye of devastation and 2 slime creatures come into view.
You hit the slime creature.
The slime creature is lightly wounded.
The slime creature hits you but does no damage.
You block the slime creature's attack. x2
You slash the slime creature!
The slime creature is lightly wounded.
You hit the slime creature. The slime creature hits you!
The slime creature hits you. The eye of devastation gazes at you.
The bolt of energy hits you!!!
Ouch! That really hurt!
You die...

#..#..###...##.#......
#............#...#.#..
#........#......##....
#..#..)...............
##.###.รท#..............
#.#..##..##.#............
#.#......##............#
#.#......####..JJ......#
#.#..###.#......@.G....#
.......#...............#
.........................
........................#
.........................
#.##.#.##..........##....
.###'####..........# ....
.#......#........#.. ...
##.....#J...


You could see 2 slime creatures and an eye of devastation.

Vanquished Creatures
  5 jellies (D:3)
  Robin (D:2)
  2 adders
  A white imp (D:3)
  2 worms
  A dart slug (D:2)
  7 endoplasms
  3 giant cockroaches
  11 goblins
  13 hobgoblins
  3 kobolds
  4 ball pythons
  5 bats
  A goblin skeleton (D:3)
  3 hobgoblin zombies (D:3)
  3 orc zombies (D:3)
  3 rats
68 creatures vanquished.

Vanquished Creatures (others)
  A jelly (D:2)
  A bat (D:2)
  An endoplasm (D:2)
  3 plants (D:1)
6 creatures vanquished.

Grand Total: 74 creatures vanquished

Notes
Turn   | Place    | Note
-------+----------+-------------------------------------------
     0 | D:1      | Ihaveafatcat the Minotaur Fighter began the quest for the
                  | Orb.
     0 | D:1      | Reached XP level 1. HP: 19/19 MP: 0/0
   180 | D:1      | Reached XP level 2. HP: 27/27 MP: 1/1
   582 | D:1      | Found a faded altar of an unknown god.
   676 | D:1      | Prayed at the altar of an unknown god.
   676 | D:1      | Became a worshipper of Jiyva Juehup the Shapeless
   676 | D:1      | Reached * piety under Jiyva
   746 | D:2      | Reached XP level 3. HP: 30/33 MP: 2/2
  1007 | D:2      | Noticed Robin
  1025 | D:2      | Killed Robin
  1026 | D:2      | Reached XP level 4. HP: 4/40 MP: 3/3
  1305 | D:2      | Reached ** piety under Jiyva
  1673 | D:3      | Found a glowing golden altar of the Shining One.
  1687 | D:3      | Fell from the grace of Jiyva
  1687 | D:3      | Became a worshipper of the Shining One
  1785 | D:3      | Gained mutation: Your magical capacity is low. (-10% MP)
                  | [the all-consuming vengeance of Jiyva]
  2104 | D:3      | Noticed an eye of devastation
  2104 | D:3      | Noticed a slime creature
  2104 | D:3      | Noticed a slime creature
  2106 | D:3      | Blown up by an eye of devastation

Illustrated notes

Levels and vault maps discovered:
D:1:      minmay_arrival_plants_in_alcoves, layout_loops_ring,
          ebering_ecumenical_altar_webs
D:2:      layout_basic, kennysheep_generic_room_9, uniq_robin
D:3:      layout_rooms, mainiacjoe_overflow_surrounded_room,
          nicolae_tso_besieged_by_evil, nicolae_underground_beach

Skill      XL: |  1  2 |
---------------+-------+-----
Fighting       | 4 |  4.4
Axes           | 3 |  3.6
Shields        | 4 |  4.5
Armour         | 4 |  4.5

Action                   |  1- 3 |  4- 6 || total
-------------------------+-------+-------++-------
Melee: War axe           |    76 |    58 ||   134
       Headbutt          |     6 |    15 ||    21
  Use: Potion            |     1 |       ||     1
Armor: Scale mail        |    32 |       ||    32
       Plate armour      |    18 |    39 ||    57
Dodge: Dodged            |    35 |    10 ||    45
Block: Buckler           |    21 |    10 ||    31
